 Dungeon Crawl Stone Soup version 0.30-a0-743-gbfdf073431 (webtiles) character file.

Game seed: 7993328635897060056

46 jimonade the Magician (level 3, 0/25 HPs)
             Began as a Djinni Venom Mage on Feb 8, 2023.
             Slain by a hobgoblin (5 damage)
             ... led by Robin
             ... on level 2 of the Dungeon.
             The game lasted 00:01:46 (1178 turns).

jimonade the Magician (Djinni Venom Mage)           Turns: 1178, Time: 00:01:46

Health: 0/25       AC:  2    Str:  9    XL:     3   Next: 95%
Gold:   54         EV: 12    Int: 16    God:
                   SH:  0    Dex: 13

rFire   + + .      SeeInvis .    (no weapon)
rCold   x . .      Faith    .    (no shield)
rNeg    . . .      Spirit   .    a - +0 robe
rPois   ∞          Reflect  .    (no helmet)
rElec   .          Harm     .    (no cloak)
rCorr   .          Rampage  .    (no gloves)
Will    .....                    (boots unavailable)
Stlth   ++                       (no amulet)
HPRegen 0.24/turn                (no ring)
MPRegen 0.00/turn                (no ring)

@: flying
A: sickness immunity, fire resistance 2, cold vulnerability 1, float, innate
caster, HP casting, extra vitality 1
a: no special abilities


You were on level 2 of the Dungeon.
You visited 1 branch of the dungeon, and saw 2 of its levels.

You collected 54 gold pieces.

Inventory:

Armour
 a - a +0 robe (worn)
 e - a +0 leather armour
Jewellery
 c - a ring of protection from cold
Scrolls
 d - a scroll of immolation {unknown}
 f - a scroll of summoning {unknown}
 g - a scroll of teleportation {unknown}
Potions
 b - a potion of magic
 h - a potion of mutation {unknown}
 i - a potion of brilliance {unknown}


   Skills:
 + Level 2.2 Dodging
 - Level 1.5 Stealth
 * Level 3.5 Spellcasting


You couldn't memorise any spells.
You knew the following spells:

 Your Spells              Type           Power      Damage    Failure   Level
a - Sting                 Tmut/Pois      56%        1d5       4%          1
b - Poisonous Vapours     Pois/Air       28%        N/A       6%          2
c - Mephitic Cloud        Conj/Pois/Air  14%        N/A       12%         3
d - Olgreb's Toxic Radia  Pois           14%        N/A       38%         4
e - Magic Dart            Conj           56%        1d5       4%          1
Your spell library was empty.

Dungeon Overview and Level Annotations

Branches:
Dungeon (2/15)

Altars:

Annotations:
D:2 Natasha, Robin


Innate Abilities, Weirdness & Mutations

You are immune to sickness and miasma.
You are immune to poison.
Your flesh is very heat resistant. (rF++)
You are vulnerable to cold. (rC-)
You float through the air rather than walking.
You learn spells naturally, not from books.
Your magical power is your life essence.
You have superior vitality. (+4 MHP)


Message History

You can't see any susceptible monsters within range! (Use Z to cast anyway.)
You can't see any susceptible monsters within range! (Use Z to cast anyway.)
The hobgoblin shouts!
You see here an adder corpse.
The sting hits Natasha.
Natasha is poisoned.
Natasha is lightly wounded.
The goblin shoots a sling bullet.
The sling bullet closely misses you.
Natasha howls an incantation.
Natasha's front paws start to glow.
Natasha casts a spell.
The goblin shouts!
You hear a shout!
The sting hits Natasha but does no damage.
Natasha looks even sicker.
Natasha is lightly wounded.
You hear an angry hiss.
Natasha barely misses you.
The sting hits Natasha.
Natasha looks even sicker.
Natasha is moderately wounded.
Natasha misses you.
The crimson imp lashes its tail.
The crimson imp closely misses you.
The sting hits Natasha but does no damage.
Natasha looks as sick as possible!
Natasha is heavily wounded.
Natasha claws you.
Robin roars a battlecry!
The goblins go into a battle-frenzy!
The crimson imp hits you.
Aiming: Sting (safe; 4% risk of failure)
Press: ? - help, Q - select action, (/) - cycle Shift-Dir - straight line, f/p - Natasha
Aim: Natasha (heavily wounded, extremely poisoned, 64% to hit)
The sting misses Natasha.
Robin says, "Feeling lonely?"
Natasha claws you but does no damage.
The crimson imp hits you but does no damage.
Natasha attacks as you move away! Natasha claws you. The crimson imp hits you.
* * * LOW HITPOINT WARNING * * *
There is a stone staircase leading up here.
Natasha completely misses you. The hobgoblin hits you.
You die...

#S#.# # #.# #.#.#
#####.###.### # #.#..
....<.).....###.#
.#.#..######...........#
........# #.gg...†..####
.....#.###.####.#gg#
........g.. #.#..#
##.#.#.5g## #.#..# #.h@#
#.#..# #...# #.#.<#
........ #.#).#
#.....|.... #.#..#
#............ #..#
####...###### #..# #...#
#..# ....# #..# #..#


You could see Natasha (very poisoned), a crimson imp (summoned), a hobgoblin
(strong) and a goblin (strong).

Vanquished Creatures
  An adder (D:2)
  An endoplasm (D:1)
  A giant cockroach (D:1)
  4 goblins
  7 hobgoblins
  5 jackals (D:1)
  2 quokkas (D:1)
  3 ball pythons (D:1)
  2 bats (D:1)
  3 frilled lizards (D:1)
  3 kobolds
  A rat (D:1)
33 creatures vanquished.

Notes
Turn   | Place    | Note
-------+----------+-------------------------------------------
     0 | D:1      | jimonade the Djinni Venom Mage began the quest for the Orb.
     0 | D:1      | jimonade set off with the following spells memorised:
                  | Sting, Poisonous Vapours, Mephitic Cloud, Olgreb's Toxic
                  | Radiance.
     0 | D:1      | Reached XP level 1. HP: 15/15 MP: 0/0
   186 | D:1      | Reached XP level 2. HP: 19/21 MP: 0/0
   530 | D:1      | Reached skill level 3 in Spellcasting
   674 | D:1      | Reached XP level 3. HP: 22/25 MP: 0/0
   674 | D:1      | Learned a level 1 spell: Magic Dart
   983 | D:2      | Noticed Natasha
   983 | D:2      | Noticed Robin
  1178 | D:2      | Slain by a hobgoblin

Illustrated notes

Levels and vault maps discovered:
D:1:      evilmike_arrival_rings, layout_basic, minmay_misc_feat_more_columns
D:2:      layout_loops_ring, basic_altar, uniq_natasha, uniq_robin

Skill      XL: |  1  2 |
---------------+-------+-----
Spellcasting   | 3 |  3.5
Dodging        | |  2.2
Stealth        | |  1.5

Action                     || total
---------------------------++-------
   Cast: Sting             ||    78
 Armour: Robe              ||     7
  Dodge: Dodged            ||    30

Table legend: (Time is in decaauts)
 A = Elapsed time spent in this place.
 B = Non-inter-level travel time spent in this place.
 C = Inter-level travel time spent in this place.
 D = Time resting spent in this place.
 E = Time spent auto-exploring this place.
 F = Levels seen in this place.
 G = Mean time per level.
                   A        B        C        D        E       F      G
               +--------+--------+--------+--------+--------+-----+--------+
         Total |   1179 |   1033 |    146 |      6 |    834 |   2 |  589.5 |
       Dungeon |   1179 |   1033 |    146 |      6 |    834 |   2 |  589.5 |
               +--------+--------+--------+--------+--------+-----+--------+

Top non-repeatable levels by time:
     D:1: 1116 daAuts
     D:2: 62 daAuts
